 Dungeon Crawl Stone Soup version 0.24-a0-397-g73b976d (webtiles) character file.

Game seed: 402755527350621570

257896 gunnmetal the Warrior (level 19, -18/132 HPs)
             Began as a Gargoyle Berserker on June 4, 2019.
             Was an Elder of Trog.
             Killed from afar by Boris (52 damage)
             ... with a bolt of cold
             ... on level 3 of the Vaults.
             The game lasted 00:51:28 (37902 turns).

gunnmetal the Warrior (Gargoyle Berserker)         Turns: 37902, Time: 00:51:29

Health: -18/132    AC: 47    Str: 30    XL:     19   Next: 85%
Magic:  0/19       EV:  9    Int: 10    God:    Trog [****..]
Gold:   2155       SH: 23    Dex:  7    Spells: 18/18 levels left

rFire    + . .     SeeInvis .   i - +1 war axe of Doors {vamp, rF+}
rCold    . . .     Gourm    .   z - +0 large shield
rNeg     + . .     Faith    +   j - +4 plate armour
rPois    ∞         Spirit   +   c - +2 helmet
rElec    +         Reflect  .   v - scarf {Spirit}
rCorr    .         Harm     .   q - +2 pair of gloves
MR       +....                  o - +2 pair of boots
Stlth    ..........             n - amulet of faith
HPRegen  0.32/turn              Y - +4 ring of protection
MPRegen  0.16/turn              r - +3 ring of strength

@: flying
A: big wings, clumsy 1, deformed body, negative energy resistance 1, electricity
resistance, unbreathing, petrification resistance, rot immunity, AC +14
}: 2/15 runes: barnacled, abyssal
a: Stop Flying, Berserk, Trog's Hand, Brothers in Arms, Renounce Religion


You were on level 3 of the Vaults.
You worshipped Trog.
Trog was greatly pleased with you.
You were not hungry.

You visited 5 branches of the dungeon, and saw 30 of its levels.
You visited the Abyss 2 times.

You collected 3341 gold pieces.
You spent 1186 gold pieces at shops.


Innate Abilities, Weirdness & Mutations

You are resistant to torment.
Your stone body is resilient. (AC +14)
You are immune to poison.
Your large and strong wings let you fly indefinitely.
You resist negative energy. (rN+)
You are resistant to electric shocks. (rElec)
You can survive without breathing.
You are immune to petrification.
You are immune to rotting.
You are clumsy. (Dex -2)
Armour fits poorly on your strangely shaped body.


   Skills:
 + Level 18.7 Fighting
 - Level 16.0 Axes
 - Level 18.0 Armour
 - Level 5.4 Dodging
 - Level 18.0 Shields


You had 18 spell levels left.
You didn't know any spells.
Your spell library was empty.

Inventory:

Hand Weapons
 i - the +1 war axe of Doors (weapon) {vamp, rF+}
   (You found it on level 15 of the Dungeon)

   It inflicts no extra harm, but heals its wielder when it wounds a living foe.
   It protects you from fire.
Missiles
 y - 18 javelins (quivered)
 A - 4 silver javelins
Armour
 c - a +2 helmet (worn)
 j - a +4 plate armour (worn)
 k - +0 fire dragon scales
 o - a +2 pair of boots (worn)
 q - a +2 pair of gloves (worn)
 t - a +1 plate armour of fire resistance
 v - a scarf of spirit shield (worn)
 z - a +0 large shield (worn)
Jewellery
 l - an uncursed ring of ice
 n - an amulet of faith (around neck)
 r - a +3 ring of strength (right hand)
 Y - a +4 ring of protection (left hand)
Wands
 B - a wand of digging (6)
Scrolls
 a - a scroll of enchant weapon
 h - 11 scrolls of remove curse
 p - 10 scrolls of identify
 s - 3 scrolls of teleportation
Potions
 b - a potion of cancellation
 d - a potion of might
 f - 2 potions of resistance
 g - 15 potions of curing
 m - 15 potions of heal wounds
 w - 3 potions of haste
Comestibles
 e - 36 rations
 u - 13 chunks of flesh

Dungeon Overview and Level Annotations

Branches:
Dungeon (15/15)            Temple (0/1) D:6            Lair (6/6) D:9
 Shoals (4/4) Lair:4       Spider (0/4) Lair:2        Slime (0/5) Lair:5
    Orc (2/2) D:11            Elf (0/3) Orc:2        Vaults (3/5) D:13
 Depths (0/5) D:15
  Crypt: Vaults:2-3

Altars:
Elyvilon
Makhleb
Nemelex Xobeh
Ru
Sif Muna
The Shining One
Beogh
Jiyva

Shops:
D:4 =   D:7 =   D:12 }   Orc:2 (*:*[   Vaults:3 *

Annotations:
D:8 Joseph
Lair:2 2 transporters, Rusijil's ghost, journeyman HOFi
Shoals:2 1 runed translucent door, ada482's ghost, adept FoEE
Vaults:3 Boris


Message History

Your ogre disappears in a puff of smoke!
You hear some strange, mumbled words.
An iron shot appears from out of thin air!
The iron shot hits you!!!
You closely miss something. Something hits you but does no damage.
Something touches you but does no damage.
Your shield and plate armour prevent you from hitting something.
You hear some strange, mumbled words.
A bolt of cold appears from out of thin air!
The bolt of cold hits you but does no damage.
You hit something. You slash something! Something hits you but does no damage.
Something touches you but does no damage.
You slice something!!
You hear some strange, mumbled words.
A bolt of cold appears from out of thin air!
The bolt of cold hits you!!!
You die...

## #.....#.....#..#
#.....#..#..#..#
#.....#(....#..#
#.....#..#.....#
#.....#(.#.#.#.#
#.....(..#.....# .
#.....#........# ...
#.....##########.....
#...........?@{......
#....................
####....................
)................$......
).......................
........................
........................
........................
################


There were no monsters in sight!

Vanquished Creatures
  Bai Suzhen (Vaults:2)
  A hellephant (Abyss:4)
  A kraken (Shoals:2)
  2 tentacled starspawn (Abyss:4)
  Frances (D:14)
  A deep elf sorcerer (Vaults:1)
  5 vault wardens
  A balrug (Abyss:4)
  5 ironheart preservers
  A very ugly thing (Vaults:2)
  4 stone giants
  2 merfolk javelineers (Shoals:4)
  3 fire dragons
  2 blizzard demons (Abyss:4)
  A great orb of eyes (Vaults:2)
  4 yaktaur captains
  Josephine (Shoals:1)
  9 merfolk impalers
  8 ogre magi
  Fannar (D:11)
  A rakshasa (Vaults:1)
  3 vault guards (Vaults:1)
  2 hydras
  Erica (D:9)
  A catoblepas (Lair:2)
  2 ice dragons
  2 satyrs
  An alligator (Lair:6)
  2 anacondas (shapeshifter)
  4 merfolk aquamancers
  A death knight (D:15)
  7 centaur warriors
  34 two-headed ogres
  A deep troll earth mage (Vaults:1)
  4 orc high priests
  Urug (Lair:4)
  A thrashing horror (Abyss:4)
  2 sun demons (Abyss:4)
  5 deep elf knights
  A shadow wraith (Vaults:3)
  A skeletal warrior (D:15)
  A spatial maelstrom (Abyss:4)
  3 deep trolls (Vaults:1)
  A hell knight (Vaults:2)
  A wretched star (Abyss:4)
  A death drake (Abyss:4)
  12 sea snakes
  5 unseen horrors
  2 glowing orange brains
  4 wizards
  4 deep elf archers
  5 necromancers (Vaults:2)
  24 harpies
  17 orc knights
  A lindwurm (Lair:6)
  19 ugly things
  An oklob plant (D:8)
  14 deep elf magi
  3 ironbrand convokers
  2 phantasmal warriors (D:15)
  5 orc sorcerers
  An orb spider (shapeshifter) (Vaults:2)
  2 wolf spiders
  17 manticores
  7 fauns
  9 cyclopes
  A worldbinder (Abyss:4)
  5 black mambas
  6 merfolk sirens
  2 centaur zombies
  7 elephants
  7 vault sentinels
  7 water nymphs
  A guardian serpent (shapeshifter) (D:15)
  Psyche (D:8)
  2 apocalypse crabs (Abyss:4)
  3 smoke demons (Abyss:4)
  A black mamba (shapeshifter) (Vaults:2)
  3 gargoyles
  13 spiny frogs
  A naga mage (D:15)
  A rime drake (Lair:5)
  21 yaktaurs
  A rime drake (shapeshifter) (D:12)
  8 komodo dragons
  7 kobold demonologists
  A harpy zombie (D:15)
  2 meliai (shapeshifter)
  A red devil (Abyss:4)
  2 ancient zymes (Abyss:4)
  3 jumping spiders (Lair:2)
  A polar bear (shapeshifter) (Vaults:1)
  9 trolls
  3 wind drakes
  7 hornets
  25 merfolk
  8 polar bears
  4 raiju (Abyss:4)
  A snapping turtle (shapeshifter) (Vaults:3)
  15 blink frogs
  14 hippogriffs
  9 dream sheep
  35 slime creatures
  A centaur simulacrum (D:14)
  8 snapping turtles
  2 large abominations (Abyss:4)
  A tarantella (shapeshifter) (D:15)
  5 redbacks (Lair:2)
  2 shadows
  3 ynoxinuls (Abyss:4)
  9 spriggans (Lair:6)
  6 wraiths
  4 hogs (D:7)
  2 small abominations (Abyss:4)
  6 wyverns
  14 water elementals
  6 basilisks
  24 yaks
  3 hungry ghosts
  A human (D:7)
  Grum (D:8)
  4 vampire mosquitoes (D:13)
  2 neqoxecs (Abyss:4)
  A human simulacrum (Vaults:1)
  4 wargs
  13 water moccasins
  An acid dragon (Vaults:2)
  A two-headed ogre zombie (D:11)
  An ice beast (D:8)
  8 porcupines
  6 black bears
  An eye of draining (D:13)
  35 orc warriors
  A hornet zombie (D:15)
  6 sky beasts
  7 boggarts
  18 wolves
  20 ogres
  4 phantoms
  17 centaurs
  5 crocodiles
  6 big kobolds
  15 bullfrogs
  2 gnoll sergeants
  A wyvern skeleton (D:6)
  2 scorpions
  2 troll zombies (D:11)
  9 killer bees
  4 wights (D:13)
  3 howler monkeys (D:8)
  6 crimson imps
  2 electric eels
  2 quasits
  4 hounds
  2 jellies (D:8)
  15 orc priests
  4 iguanas
  18 orc wizards
  2 bullfrog skeletons
  Terence (D:2)
  3 centaur skeletons
  Natasha (thrice) (D:2)
  10 worker ants
  6 lightning spires (Abyss:4)
  A killer bee zombie (D:6)
  5 ogre zombies (D:11)
  A hound zombie (D:6)
  A hound skeleton (D:5)
  2 worker ant zombies
  Robin (D:3)
  10 gnolls
  13 adders
  3 shadow imps
  12 white imps (Lair:1)
  5 oozes
  An adder skeleton (D:7)
  An adder zombie (D:9)
  2 worms
  4 dart slugs
  12 leopard geckos
  64 orcs
  9 bats
  9 giant cockroaches
  15 goblins
  12 hobgoblins
  14 jackals
  4 quokkas
  3 ball pythons
  A ball python skeleton (D:6)
  5 frilled lizards
  A goblin skeleton (D:11)
  4 goblin zombies (D:11)
  2 hobgoblin skeletons (D:11)
  2 hobgoblin zombies (D:11)
  14 kobolds
  3 orc skeletons (D:11)
  13 orc zombies (D:11)
  A quokka zombie (D:7)
  7 rats
  6 fungi
  5 plants
  3 starspawn tentacles (Abyss:4)
  3 tentacles (Shoals:2)
1179 creatures vanquished.

Vanquished Creatures (collateral kills)
  Margery (Vaults:2)
  Louise (Shoals:1)
  An ice dragon (Vaults:2)
  3 merfolk avatars
  3 hydras
  A two-headed ogre (D:8)
  2 merfolk aquamancers
  An alligator (Lair:6)
  A satyr (Shoals:2)
  A deep elf knight (Vaults:2)
  4 fauns (Shoals:2)
  4 elephants (Lair:6)
  A water nymph (Shoals:4)
  3 merfolk sirens
  A black mamba (Lair:1)
  A rime drake (Lair:6)
  3 merfolk
  4 polar bears
  2 blink frogs (Lair:3)
  2 snapping turtles
  2 hippogriffs
  3 spriggans (Lair:6)
  A yak (Lair:6)
  A water moccasin (Lair:1)
  2 black bears (Lair:1)
  2 boggarts
  3 wolves (Lair:6)
  A crocodile (Lair:6)
  A howler monkey (D:8)
  A bullfrog zombie (D:8)
  3 jellies (D:8)
  6 oozes (D:8)
  A plant (Shoals:2)
67 creatures vanquished.

Vanquished Creatures (others)
  A slime creature (Vaults:3)
  2 raiju (Abyss:4)
  An orc warrior (Vaults:1)
  A crocodile (D:9)
  4 bushes
  6 fungi
  11 plants
  4 starspawn tentacles (Abyss:4)
  4 tentacles (Shoals:2)
  2 withered plants (Shoals:2)
36 creatures vanquished.

Grand Total: 1282 creatures vanquished

Notes
Turn   | Place    | Note
-------+----------+-------------------------------------------
     0 | D:1      | gunnmetal the Gargoyle Berserker began the quest for the
                  | Orb.
     0 | D:1      | Reached XP level 1. HP: 14/14 MP: 1/1
     0 | D:1      | 0 ||| counter = 2
    40 | D:1      | Reached skill level 3 in Axes
   226 | D:1      | Reached XP level 2. HP: 16/19 MP: 2/2
   392 | D:1      | 392 ||| INVOKING Berserk.
   423 | D:1      | Reached XP level 3. HP: 11/23 MP: 3/3
  1293 | D:1      | 1293 ||| UPGRADING to ring mail.
  1303 | D:1      | 1303 ||| DROPPING +0 animal skin.
  1304 | D:1      | 1304 ||| READING scroll labeled UTORHU NEADE.
  1305 | D:1      | 1305 ||| READING 2 scrolls labeled DIG OZUSUFUQAI.
  1306 | D:1      | 1306 ||| READING scroll labeled YCKIYD LESEIM.
  1307 | D:1      | 1307 ||| READING scroll labeled OMISORHUP.
  1308 | D:1      | 1308 ||| READING scroll labeled UCELAN LUANOY.
  1309 | D:1      | 1309 ||| DRINKING 4 viscous ruby potions.
  1310 | D:1      | 1310 ||| DROPPING scroll of random uselessness.
  1354 | D:2      | Reached ** piety under Trog
  1391 | D:2      | Noticed Terence
  1392 | D:2      | Noticed Natasha
  1398 | D:2      | 1398 ||| INVOKING Berserk.
  1400 | D:2      | Killed Terence
  1400 | D:2      | Reached XP level 4. HP: 28/28 MP: 4/4
  1406 | D:2      | Killed Natasha
  1460 | D:2      | 1460 ||| DROPPING +0 club.
  1824 | D:2      | Reached XP level 5. HP: 32/32 MP: 5/5
  1873 | D:2      | Noticed Natasha
  1890 | D:2      | Killed Natasha
  2073 | D:2      | Noticed Natasha
  2086 | D:2      | 2086 ||| INVOKING Berserk.
  2087 | D:2      | HP: 10/49 [Natasha (3)]
  2088 | D:2      | Killed Natasha
  2339 | D:2      | 2339 ||| UPGRADING to +0 scale mail.
  2349 | D:2      | 2349 ||| DROPPING +0 ring mail.
  2350 | D:2      | 2350 ||| READING scroll labeled TAMPOI AXZELL.
  2351 | D:2      | 2351 ||| READING scroll labeled MAOSKU OW QIL.
  2352 | D:2      | 2352 ||| READING scroll labeled KEBOPO CAQIAJU.
  2353 | D:2      | 2353 ||| DRINKING 2 black potions.
  2354 | D:2      | 2354 ||| DRINKING 2 white potions.
  2355 | D:2      | 2355 ||| DROPPING potion of brilliance.
  2631 | D:3      | Reached *** piety under Trog
  2658 | D:3      | Reached XP level 6. HP: 25/38 MP: 6/6
  2708 | D:3      | 2708 ||| STAIRDANCE
  2857 | D:3      | Noticed Robin
  2889 | D:3      | Killed Robin
  3086 | D:3      | 3086 ||| Stepping ~*~*~tactically~*~*~ (water).
  3088 | D:3      | 3088 ||| Stepping ~*~*~tactically~*~*~ (water).
  3090 | D:3      | 3090 ||| Stepping ~*~*~tactically~*~*~ (water).
  3092 | D:3      | 3092 ||| Stepping ~*~*~tactically~*~*~ (water).
  3125 | D:3      | 3125 ||| Stepping ~*~*~tactically~*~*~ (water).
  3237 | D:3      | 3237 ||| SWAPPING to +0 war axe.
  3248 | D:3      | 3248 ||| DROPPING +0 hand axe.
  3397 | D:3      | 3397 ||| UPGRADING to +0 buckler.
  3402 | D:3      | 3402 ||| UPGRADING to +0 helmet.
  3407 | D:3      | 3407 ||| READING scroll labeled NUYKHUZ BAA.
  3477 | D:4      | Reached skill level 1 in Shields
  3478 | D:4      | 3478 ||| STAIRDANCE
  3816 | D:4      | 3816 ||| STAIRDANCE
  3894 | D:3      | 3894 ||| UPGRADING to dented pearl amulet.
  3895 | D:3      | 3895 ||| READING scroll labeled ECRIEL KIDI.
  4162 | D:4      | 4162 ||| INVOKING Berserk.
  4164 | D:4      | Reached skill level 3 in Shields
  4164 | D:4      | Reached XP level 7. HP: 43/43 MP: 7/7
  4165 | D:4      | Reached **** piety under Trog
  4188 | D:4      | 4188 ||| EATING 7 rations.
  4265 | D:4      | Found Liqale One's Jewellery Boutique.
  4270 | D:4      | 4270 ||| SHOPLISTING ring of resist corrosion (200 gold,
                  | have 127).
  4270 | D:4      | 4270 ||| SHOPLISTING ring of positive energy (200 gold,
                  | have 127).
  4270 | D:4      | 4270 ||| SHOPLISTING ring of protection from magic (250
                  | gold, have 127).
  4270 | D:4      | 4270 ||| SHOPLISTING cursed ring of protection from fire
                  | (220 gold, have 127).
  4386 | D:5      | Entered Level 5 of the Dungeon
  4716 | D:5      | Reached skill level 6 in Axes
  5086 | D:5      | 5086 ||| EATING 7 rations.
  5098 | D:5      | 5098 ||| UPGRADING to pair of gloves.
  5103 | D:5      | 5103 ||| UPGRADING to tubular onyx ring.
  5104 | D:5      | 5104 ||| READING 2 scrolls of identify.
  5104 | D:5      | 5104 ||| IDENTIFYING metallic orange potion
  5105 | D:5      | 5105 ||| DROPPING potion of ambrosia.
  5144 | D:6      | 5144 ||| INVOKING Berserk.
  5568 | D:6      | 5568 ||| INVOKING Berserk.
  5570 | D:6      | Reached XP level 8. HP: 50/50 MP: 8/8
  5629 | D:6      | 5629 ||| EATING 9 rations.
  5635 | D:6      | 5635 ||| READING scroll of enchant armour.
  5635 | D:6      | 5635 ||| ENCHANTING +0 pair of gloves.
  5854 | D:6      | Found a deep blue altar of Sif Muna.
  6009 | D:6      | Reached skill level 3 in Armour
  6020 | D:6      | Found a staircase to the Ecumenical Temple.
  6109 | D:6      | 6109 ||| DRINKING 2 glowing pink potions.
  6110 | D:6      | 6110 ||| READING 2 scrolls of identify.
  6110 | D:6      | 6110 ||| IDENTIFYING fuming yellow potion
  6111 | D:6      | 6111 ||| DROPPING potion of lignification.
  6138 | D:7      | Found a burning altar of Makhleb.
  6436 | D:7      | 6436 ||| INVOKING Berserk.
  6442 | D:7      | Reached skill level 6 in Fighting
  6443 | D:7      | Reached XP level 9. HP: 39/56 MP: 9/9
  6454 | D:7      | 6454 ||| READING 4 scrolls of teleportation.
  6467 | D:7      | 6467 ||| EATING 8 rations.
  6549 | D:7      | 6549 ||| STAIRDANCE
  6654 | D:6      | 6654 ||| READING 2 scrolls of identify.
  6654 | D:6      | 6654 ||| IDENTIFYING sedimented blue potion
  6655 | D:6      | 6655 ||| DROPPING potion of invisibility.
  6662 | D:7      | Reached skill level 9 in Axes
  6842 | D:7      | Reached ***** piety under Trog
  7154 | D:7      | 7154 ||| INVOKING Berserk.
  7198 | D:7      | 7198 ||| EATING 12 rations.
  7272 | D:7      | Found Eduidu's Jewellery Emporium.
  7280 | D:7      | Bought a +3 ring of strength for 204 gold pieces
  7280 | D:7      | 7280 ||| SHOPLISTING +2 ring of evasion (130 gold, have
                  | 31).
  7280 | D:7      | 7280 ||| SHOPLISTING +4 ring of strength (351 gold, have
                  | 31).
  7280 | D:7      | 7280 ||| SHOPLISTING +3 ring of protection (273 gold, have
                  | 31).
  7280 | D:7      | 7280 ||| SHOPLISTING +5 ring of strength (535 gold, have
                  | 31).
  7489 | D:7      | 7489 ||| UPGRADING to opal ring.
  7490 | D:7      | 7490 ||| REMOVING ring of poison resistance.
  7491 | D:7      | 7491 ||| DROPPING ring of poison resistance.
  7492 | D:7      | 7492 ||| UPGRADING to +3 ring of strength.
  7523 | D:8      | Noticed Grum
  7531 | D:8      | 7531 ||| INVOKING Berserk.
  7536 | D:8      | Killed Grum
  7645 | D:8      | Noticed Psyche
  7648 | D:8      | Reached XP level 10. HP: 47/65 MP: 10/10
  7651 | D:8      | 7651 ||| INVOKING Berserk.
  7657 | D:8      | Killed Psyche
  7657 | D:8      | Reached skill level 9 in Fighting
  7689 | D:8      | Noticed a two-headed ogre
  7694 | D:8      | 7694 ||| INVOKING Brothers in Arms.
  7697 | D:8      | 7697 ||| INVOKING Berserk.
  7700 | D:8      | Killed a two-headed ogre
  8130 | D:8      | Noticed Joseph
  8152 | D:8      | Noticed an oklob plant
  8153 | D:8      | 8153 ||| INVOKING Brothers in Arms.
  8154 | D:8      | 8154 ||| INVOKING Berserk.
  8164 | D:8      | Killed an oklob plant
  8329 | D:8      | 8329 ||| UPGRADING to plate armour.
  8339 | D:8      | 8339 ||| DROPPING +0 scale mail.
  8340 | D:8      | 8340 ||| UPGRADING to large opal ring.
  8342 | D:8      | 8342 ||| REMOVING +6 ring of intelligence.
  8343 | D:8      | 8343 ||| DROPPING +6 ring of intelligence.
  8344 | D:8      | 8344 ||| UPGRADING to +4 ring of protection.
  8345 | D:8      | 8345 ||| READING scroll labeled FEISUCU ROBEO.
  8346 | D:8      | 8346 ||| DRINKING 2 sapphire potions.
  8347 | D:8      | 8347 ||| READING 2 scrolls of identify.
  8347 | D:8      | 8347 ||| IDENTIFYING viscous green potion
  8348 | D:8      | 8348 ||| DROPPING potion of degeneration.
  8375 | D:9      | 8375 ||| EATING 13 rations.
  8426 | D:9      | Noticed a two-headed ogre
  8431 | D:9      | Noticed Erica
  8435 | D:9      | 8435 ||| INVOKING Berserk.
  8441 | D:9      | Killed a two-headed ogre
  8441 | D:9      | Reached skill level 6 in Armour
  8732 | D:9      | Found a staircase to the Lair.
  8755 | D:9      | 8755 ||| INVOKING Berserk.
  8872 | D:9      | 8872 ||| INVOKING Berserk.
  8880 | D:9      | Killed Erica
  8880 | D:9      | Reached XP level 11. HP: 71/71 MP: 11/11
  9130 | D:9      | Noticed a fire crab
  9130 | D:9      | a meliai changed into a fire crab
  9133 | D:9      | Noticed an orb spider
  9133 | D:9      | a fire crab changed into an orb spider
  9138 | D:9      | an orb spider changed into a wind drake
  9154 | D:9      | 9154 ||| READING 3 scrolls of teleportation.
  9155 | D:9      | 9155 ||| INVOKING Berserk.
  9275 | D:9      | Noticed an anaconda
  9284 | D:9      | 9284 ||| INVOKING Berserk.
  9291 | D:9      | HP: 23/106 [anaconda (shapeshifter) (4)]
  9293 | D:9      | Killed an anaconda
  9574 | D:9      | Reached skill level 9 in Armour
  9589 | D:9      | 9589 ||| STAIRDANCE
  9644 | D:8      | 9644 ||| UPGRADING to pair of runed gloves.
  9654 | D:8      | 9654 ||| READING 6 scrolls of remove curse.
  9655 | D:8      | 9655 ||| UPGRADING to +1 pair of gloves.
  9665 | D:8      | 9665 ||| DROPPING +0 pair of gloves.
  9666 | D:8      | 9666 ||| READING scroll labeled HEWUCE ECIPRUF.
  9735 | D:8      | 9735 ||| READING 3 scrolls labeled BAIPIE OKLAKAU.
  9736 | D:8      | 9736 ||| DROPPING 2 scrolls of amnesia.
  9745 | D:9      | 9745 ||| STAIRDANCE
  9849 | D:9      | Noticed a two-headed ogre
  9853 | D:9      | 9853 ||| INVOKING Berserk.
  9864 | D:9      | Killed a two-headed ogre
  9917 | D:9      | 9917 ||| EATING 12 rations.
  9994 | D:9      | Noticed a soul eater
 10031 | D:9      | Noticed a deep elf mage
 10034 | D:9      | 10034 ||| INVOKING Berserk.
 10036 | D:9      | Noticed a four-headed hydra
 10045 | D:9      | Killed an 11-headed hydra
 10045 | D:9      | Received a gift from Trog
 10045 | D:9      | Reached skill level 12 in Axes
 10057 | D:9      | Killed a deep elf mage
 10058 | D:9      | Noticed a deep elf mage
 10074 | D:9      | Killed a deep elf mage
 10399 | Lair:1   | Entered Level 1 of the Lair of Beasts
 10400 | Lair:1   | 10400 ||| Entered L.
 10405 | Lair:1   | 10405 ||| INVOKING Berserk.
 10415 | Lair:1   | 10415 ||| STAIRDANCE
 10451 | Lair:1   | Found a frozen archway.
 10558 | Lair:1   | 10558 ||| READING scroll of enchant armour.
 10558 | Lair:1   | 10558 ||| ENCHANTING +1 pair of gloves.
 10601 | Lair:1   | 10601 ||| INVOKING Berserk.
 10619 | Lair:1   | 10619 ||| EATING 13 rations.
 10744 | Lair:1   | 10744 ||| INVOKING Berserk.
 10758 | Lair:1   | 10758 ||| READING 2 scrolls of teleportation.
 10776 | Lair:1   | Received a gift from Trog
 10850 | Lair:1   | 10850 ||| INVOKING Berserk.
 10863 | Lair:1   | 10863 ||| READING scroll of teleportation.
 10867 | Lair:1   | 10867 ||| INVOKING Brothers in Arms.
 10869 | Lair:1   | Reached XP level 12. HP: 64/77 MP: 12/12
 10870 | Lair:1   | 10870 ||| EATING 12 rations.
 10906 | Lair:1   | 10906 ||| INVOKING Berserk.
 11055 | Lair:1   | 11055 ||| INVOKING Berserk.
 11319 | Lair:1   | 11319 ||| INVOKING Berserk.
 11343 | Lair:1   | 11343 ||| EATING 11 rations.
 11501 | Lair:1   | 11501 ||| INVOKING Berserk.
 11678 | Lair:1   | 11678 ||| UPGRADING to tourmaline ring.
 11680 | Lair:1   | 11680 ||| UPGRADING to +4 ring of protection.
 11682 | Lair:1   | 11682 ||| DROPPING +4 ring of dexterity.
 11900 | Lair:2   | You fall into a shaft and drop 1 floor!
 11913 | Lair:3   | 11913 ||| Shafted from Lair:2 to Lair:3.
 11914 | Lair:3   | 11914 ||| INVOKING Berserk.
 11931 | Lair:3   | Reached skill level 3 in Dodging
 11932 | Lair:3   | 11932 ||| EATING 11 rations.
 12138 | Lair:2   | 12138 ||| Successfully unshafted to Lair:2.
 12203 | Lair:2   | Noticed a catoblepas
 12206 | Lair:2   | 12206 ||| INVOKING Berserk.
 12213 | Lair:2   | Killed a catoblepas
 12339 | Lair:2   | Noticed an eight-headed hydra
 12340 | Lair:2   | 12340 ||| INVOKING Brothers in Arms.
 12342 | Lair:2   | 12342 ||| SWAPPING to +0 morningstar.
 12343 | Lair:2   | 12343 ||| INVOKING Berserk.
 12343 | Lair:2   | Killed an eight-headed hydra
 12348 | Lair:2   | 12348 ||| SWAPPING to +1 war axe.
 12538 | Lair:2   | 12538 ||| SWAPPING to runed hand axe.
 12539 | Lair:2   | 12539 ||| SWAPPING to +1 war axe.
 12540 | Lair:2   | 12540 ||| DROPPING +0 morningstar.
 12541 | Lair:2   | Found a transporter.
 12541 | Lair:2   | Found a transporter.
 12541 | Lair:2   | Noticed Rusijil's ghost (journeyman HOFi)
 12674 | Lair:2   | 12674 ||| INVOKING Berserk.
 12684 | Lair:2   | 12684 ||| READING scroll of teleportation.
 12894 | Lair:2   | 12894 ||| EATING 18 rations.
 12926 | Lair:2   | Found a hole to the Spider Nest.
 13145 | Lair:2   | 13145 ||| UPGRADING to pair of boots.
 13150 | Lair:2   | 13150 ||| READING 4 scrolls of identify.
 13150 | Lair:2   | 13150 ||| IDENTIFYING fuming ruby potion
 13189 | Lair:3   | 13189 ||| READING scroll of enchant weapon.
 13189 | Lair:3   | 13189 ||| ENCHANTING +1 war axe.
 13330 | Lair:3   | 13330 ||| INVOKING Berserk.
 13341 | Lair:3   | 13341 ||| INVOKING Brothers in Arms.
 13509 | Lair:3   | Reached XP level 13. HP: 81/84 MP: 13/13
 14020 | Lair:3   | 14020 ||| EATING 17 rations.
 14440 | Lair:3   | 14440 ||| READING scroll labeled XEELUTHROKKU.
 14599 | Lair:4   | 14599 ||| STAIRDANCE
 14621 | Lair:4   | 14621 ||| INVOKING Brothers in Arms.
 14622 | Lair:4   | 14622 ||| SWAPPING to +2 hand axe of flaming.
 14623 | Lair:4   | 14623 ||| INVOKING Berserk.
 14641 | Lair:4   | 14641 ||| SWAPPING to +2 war axe.
 14861 | Lair:4   | Found a sparkling altar of Nemelex Xobeh.
 14903 | Lair:4   | 14903 ||| READING scroll of enchant weapon.
 14903 | Lair:4   | 14903 ||| ENCHANTING +2 war axe.
 14926 | Lair:4   | Noticed Urug
 14942 | Lair:4   | Paralysed by Urug for 2 turns
 14949 | Lair:4   | Killed Urug
 15172 | Lair:4   | Found a staircase to the Shoals.
 15468 | Lair:5   | Found a viscous altar of Jiyva.
 15468 | Lair:5   | Found a staircase to the Slime Pits.
 15539 | Lair:5   | Received a gift from Trog
 15801 | Lair:5   | Reached skill level 15 in Axes
 16016 | Lair:5   | 16016 ||| EATING 18 rations.
 16178 | Lair:5   | 16178 ||| UPGRADING to runed scarf.
 16203 | Lair:6   | Entered Level 6 of the Lair of Beasts
 16238 | Lair:6   | Reached skill level 12 in Fighting
 16323 | Lair:6   | 16323 ||| INVOKING Brothers in Arms.
 16324 | Lair:6   | 16324 ||| INVOKING Brothers in Arms.
 16325 | Lair:6   | 16325 ||| SWAPPING to +2 hand axe of flaming.
 16327 | Lair:6   | 16327 ||| SWAPPING to +3 war axe.
 16741 | Lair:6   | 16741 ||| INVOKING Berserk.
 16770 | Lair:6   | 16770 ||| EATING 18 rations.
 16821 | Lair:6   | 16821 ||| READING scroll of enchant armour.
 16821 | Lair:6   | 16821 ||| ENCHANTING +0 helmet.
 16862 | Lair:6   | 16862 ||| INVOKING Brothers in Arms.
 16891 | Lair:6   | 16891 ||| INVOKING Berserk.
 16921 | Lair:6   | 16921 ||| READING 2 scrolls of teleportation.
 16973 | Lair:6   | 16973 ||| INVOKING Brothers in Arms.
 16974 | Lair:6   | 16974 ||| INVOKING Brothers in Arms.
 16976 | Lair:6   | 16976 ||| INVOKING Berserk.
 17101 | Lair:6   | 17101 ||| INVOKING Berserk.
 17130 | Lair:6   | 17130 ||| INVOKING Brothers in Arms.
 17284 | Lair:6   | 17284 ||| INVOKING Brothers in Arms.
 17307 | Lair:6   | 17307 ||| INVOKING Berserk.
 17309 | Lair:6   | Gained mutation: Your large and strong wings let you fly
                  | indefinitely. [Gargoyle growth]
 17309 | Lair:6   | Reached XP level 14. HP: 79/92 MP: 9/14
 17336 | Lair:6   | 17336 ||| READING scroll of teleportation.
 17341 | Lair:6   | 17341 ||| INVOKING Brothers in Arms.
 17342 | Lair:6   | 17342 ||| INVOKING Brothers in Arms.
 17360 | Lair:6   | 17360 ||| INVOKING Brothers in Arms.
 17361 | Lair:6   | HP: 22/92 [elephant (3)]
 17362 | Lair:6   | 17362 ||| DRINKING 7 potions of heal wounds.
 17363 | Lair:6   | Reached skill level 12 in Armour
 17369 | Lair:6   | 17369 ||| EATING 19 rations.
 17552 | Lair:6   | 17552 ||| INVOKING Fly.
 17552 | Lair:6   | 17552 ||| FLYING.
 18123 | Lair:6   | 18123 ||| UPGRADING to +2 buckler.
 18133 | Lair:6   | 18133 ||| DROPPING +0 buckler.
 18134 | Lair:6   | 18134 ||| READING 5 scrolls of identify.
 18134 | Lair:6   | 18134 ||| IDENTIFYING emerald potion
 18135 | Lair:6   | 18135 ||| DROPPING potion of flight.
 18277 | D:10     | Entered Level 10 of the Dungeon
 18278 | D:10     | 18278 ||| Stepping randomly (disturbance).
 18898 | D:10     | 18898 ||| UPGRADING to shield.
 18908 | D:10     | 18908 ||| DROPPING +2 buckler.
 18909 | D:10     | 18909 ||| READING scroll labeled VORO JYWUG.
 18910 | D:10     | 18910 ||| READING 4 scrolls of identify.
 18910 | D:10     | 18910 ||| IDENTIFYING cyan potion
 18911 | D:10     | 18911 ||| DROPPING potion of magic.
 18935 | D:11     | 18935 ||| STAIRDANCE
 18944 | D:11     | 18944 ||| STAIRDANCE
 18948 | D:11     | 18948 ||| STAIRDANCE
 18950 | D:10     | Received a gift from Trog
 19076 | D:11     | 19076 ||| READING 3 scrolls of enchant armour.
 19076 | D:11     | 19076 ||| ENCHANTING +1 helmet.
 19077 | D:11     | 19077 ||| READING 2 scrolls of enchant armour.
 19077 | D:11     | 19077 ||| ENCHANTING +0 pair of boots.
 19078 | D:11     | 19078 ||| READING scroll of enchant armour.
 19078 | D:11     | 19078 ||| ENCHANTING +1 pair of boots.
 19252 | D:11     | Found a staircase to the Orcish Mines.
 19818 | D:11     | Noticed Fannar
 19819 | D:11     | 19819 ||| STAIRDANCE
 19842 | D:10     | Reached skill level 6 in Shields
 19843 | D:10     | 19843 ||| STAIRDANCE
 19936 | D:9      | 19936 ||| READING 4 scrolls of identify.
 19936 | D:9      | 19936 ||| IDENTIFYING sedimented golden potion
 19937 | D:9      | 19937 ||| READING 3 scrolls of identify.
 19937 | D:9      | 19937 ||| IDENTIFYING fuming cyan potion
 20031 | D:11     | Killed Fannar
 20336 | D:12     | 20336 ||| STAIRDANCE
 20346 | D:12     | 20346 ||| STAIRDANCE
 20389 | D:12     | 20389 ||| STAIRDANCE
 20393 | D:11     | Received a gift from Trog
 20398 | D:11     | 20398 ||| EATING 21 rations.
 20466 | D:11     | 20466 ||| SWAPPING to glowing broad axe {god gift}.
 20467 | D:11     | 20467 ||| DROPPING +3 war axe.
 20470 | D:12     | 20470 ||| STAIRDANCE
 20711 | D:12     | Found Zahoume's Gadget Shoppe.
 20989 | D:12     | 20989 ||| UPGRADING to pair of embroidered boots.
 20999 | D:12     | 20999 ||| UPGRADING to +2 pair of boots.
 21009 | D:12     | 21009 ||| DROPPING +1 pair of boots.
 21135 | D:13     | Reached ****** piety under Trog
 21231 | D:13     | 21231 ||| READING scroll of enchant armour.
 21231 | D:13     | 21231 ||| ENCHANTING +0 plate armour.
 21332 | D:13     | Reached skill level 9 in Shields
 21347 | D:13     | 21347 ||| EATING 20 rations.
 21920 | D:13     | 21920 ||| INVOKING Trog's Hand.
 21943 | D:13     | Found a gate to the Vaults.
 22238 | D:14     | 22238 ||| STAIRDANCE
 22242 | D:14     | 22242 ||| STAIRDANCE
 22248 | D:13     | Reached XP level 15. HP: 97/97 MP: 5/15
 22264 | D:14     | 22264 ||| STAIRDANCE
 22290 | D:14     | 22290 ||| STAIRDANCE
 22303 | D:14     | 22303 ||| STAIRDANCE
 22457 | D:14     | Received a gift from Trog
 22590 | D:14     | Found a white marble altar of Elyvilon.
 22695 | D:14     | Found a sacrificial altar of Ru.
 22782 | D:14     | Noticed Frances
 22785 | D:14     | 22785 ||| INVOKING Brothers in Arms.
 22787 | D:14     | 22787 ||| INVOKING Berserk.
 22793 | D:14     | 22793 ||| EATING 22 rations.
 22806 | D:14     | Killed Frances
 22806 | D:14     | Reached skill level 12 in Shields
 22948 | D:14     | 22948 ||| UPGRADING to shiny granite ring.
 22950 | D:14     | 22950 ||| READING 8 scrolls of remove curse.
 22951 | D:14     | 22951 ||| REMOVING ring of attention.
 22952 | D:14     | 22952 ||| DROPPING ring of attention.
 22953 | D:14     | 22953 ||| UPGRADING to +4 ring of protection.
 22954 | D:14     | 22954 ||| READING 3 scrolls of teleportation.
 22988 | D:14     | 22988 ||| READING 2 scrolls of teleportation.
 23096 | D:15     | Entered Level 15 of the Dungeon
 23102 | D:15     | 23102 ||| STAIRDANCE
 23106 | D:15     | 23106 ||| STAIRDANCE
 23110 | D:15     | 23110 ||| STAIRDANCE
 23285 | D:15     | 23285 ||| INVOKING Brothers in Arms.
 23286 | D:15     | 23286 ||| SWAPPING to +2 hand axe of flaming.
 23289 | D:15     | 23289 ||| SWAPPING to +1 antimagic broad axe.
 23701 | D:15     | Found a glowing golden altar of the Shining One.
 23718 | D:15     | Got a translucent war axe
 23719 | D:15     | 23719 ||| SWAPPING to translucent war axe.
 23719 | D:15     | Identified the cursed +1 war axe of Doors {vamp, rF+} (You
                  | found it on level 15 of the Dungeon)
 23720 | D:15     | 23720 ||| DROPPING +1 antimagic broad axe.
 23721 | D:15     | 23721 ||| READING 9 scrolls of remove curse.
 23738 | D:15     | 23738 ||| READING scroll of enchant armour.
 23738 | D:15     | 23738 ||| ENCHANTING +1 plate armour.
 23973 | D:15     | 23973 ||| INVOKING Berserk.
 23995 | D:15     | Received a gift from Trog
 24228 | D:15     | Found a staircase to the Depths.
 24425 | Orc:1    | Entered Level 1 of the Orcish Mines
 24426 | Orc:1    | 24426 ||| Entered O.
 24518 | Orc:1    | 24518 ||| INVOKING Trog's Hand.
 24521 | Orc:1    | 24521 ||| INVOKING Berserk.
 24548 | Orc:1    | 24548 ||| STAIRDANCE
 24775 | Orc:2    | Entered Level 2 of the Orcish Mines
 24833 | Orc:2    | Found a staircase to the Elven Halls.
 25028 | Orc:2    | Found Coexogown's Armour Shoppe.
 25054 | Orc:2    | 25054 ||| INVOKING Trog's Hand.
 25055 | Orc:2    | 25055 ||| INVOKING Berserk.
 25457 | Orc:2    | Received a gift from Trog
 25590 | Orc:2    | 25590 ||| Invisible monster not found???
 25767 | Orc:2    | 25767 ||| INVOKING Trog's Hand.
 25769 | Orc:2    | 25769 ||| INVOKING Berserk.
 25800 | Orc:2    | 25800 ||| READING 2 scrolls of teleportation.
 25803 | Orc:2    | HP: 20/98 [orc knight/+0 battleaxe (9)]
 25804 | Orc:2    | 25804 ||| DRINKING 10 potions of heal wounds.
 25907 | Orc:2    | 25907 ||| Invisible monster not found???
 26099 | Orc:2    | 26099 ||| INVOKING Berserk.
 26149 | Orc:2    | Found Xauc's Weapon Boutique.
 26149 | Orc:2    | Found Vutoxti's General Store.
 26224 | Orc:2    | Found Epreiq Asirr's Assorted Antiques.
 26224 | Orc:2    | Found Fiowi's Book Emporium.
 26232 | Orc:2    | Bought a potion of haste for 330 gold pieces
 26232 | Orc:2    | Bought a potion of mutation for 264 gold pieces
 26232 | Orc:2    | Bought a scroll of identify for 66 gold pieces
 26232 | Orc:2    | Bought a worn iron wand for 132 gold pieces
 26232 | Orc:2    | Bought a potion of curing for 99 gold pieces
 26235 | Orc:2    | Bought a scroll of identify for 28 gold pieces
 26259 | Orc:2    | 26259 ||| DROPPING wand of iceblast (9).
 26670 | Shoals:1 | Entered Level 1 of the Shoals
 26670 | Shoals:1 | Noticed Louise
 26671 | Shoals:1 | 26671 ||| Entered A.
 26671 | Shoals:1 | 26671 ||| INVOKING Trog's Hand.
 26672 | Shoals:1 | 26672 ||| INVOKING Brothers in Arms.
 26682 | Shoals:1 | Killed Louise
 26688 | Shoals:1 | 26688 ||| EATING 25 rations.
 27043 | Shoals:1 | Noticed Josephine
 27054 | Shoals:1 | Received a gift from Trog
 27065 | Shoals:1 | Killed Josephine
 27392 | Shoals:1 | Reached XP level 16. HP: 106/106 MP: 16/16
 27511 | Shoals:1 | 27511 ||| UPGRADING to +0 large shield.
 27521 | Shoals:1 | 27521 ||| DROPPING +0 shield.
 27522 | Shoals:1 | 27522 ||| UPGRADING to shiny chain mail.
 27532 | Shoals:1 | 27532 ||| UPGRADING to +2 chain mail of fire resistance.
 27542 | Shoals:1 | 27542 ||| UPGRADING to +2 plate armour.
 27552 | Shoals:1 | 27552 ||| DROPPING +1 chain mail of poison resistance.
 27592 | Shoals:2 | 27592 ||| INVOKING Brothers in Arms.
 27596 | Shoals:2 | 27596 ||| INVOKING Trog's Hand.
 27955 | Shoals:2 | Found a runed translucent door.
 27959 | Shoals:2 | Noticed ada482's ghost (adept FoEE)
 27960 | Shoals:2 | 27960 ||| INVOKING Brothers in Arms.
 28034 | Shoals:2 | 28034 ||| INVOKING Berserk.
 28051 | Shoals:2 | 28051 ||| READING scroll of teleportation.
 28257 | Shoals:2 | Received a gift from Trog
 28263 | Shoals:2 | 28263 ||| UPGRADING to glowing broad axe {god gift}.
 28264 | Shoals:2 | 28264 ||| Eating in order to wield vampiric weapon.
 28264 | Shoals:2 | 28264 ||| EATING 28 rations.
 28265 | Shoals:2 | 28265 ||| Eating in order to wield vampiric weapon.
 28265 | Shoals:2 | 28265 ||| EATING 27 rations.
 28266 | Shoals:2 | 28266 ||| UPGRADING to +1 war axe of Doors {vamp, rF+}.
 28267 | Shoals:2 | 28267 ||| DROPPING +2 broad axe of chopping.
 28295 | Shoals:2 | 28295 ||| INVOKING Berserk.
 28399 | Shoals:2 | Noticed a kraken
 28414 | Shoals:2 | Killed a kraken
 29460 | Shoals:3 | Reached skill level 15 in Fighting
 29489 | Shoals:3 | 29489 ||| INVOKING Trog's Hand.
 29490 | Shoals:3 | 29490 ||| INVOKING Brothers in Arms.
 29491 | Shoals:3 | 29491 ||| INVOKING Brothers in Arms.
 29492 | Shoals:3 | Received a gift from Trog
 29672 | Shoals:3 | 29672 ||| INVOKING Trog's Hand.
 29947 | Shoals:3 | 29947 ||| READING 9 scrolls of identify.
 29947 | Shoals:3 | 29947 ||| IDENTIFYING blue potion
 29948 | Shoals:3 | 29948 ||| DROPPING potion of berserk rage.
 29956 | Shoals:4 | Entered Level 4 of the Shoals
 30196 | Shoals:4 | Reached skill level 15 in Shields
 30343 | Shoals:4 | Found the +7 great mace "Undeadhunter" {disrupt, rN+}
 30446 | Shoals:4 | 30446 ||| INVOKING Trog's Hand.
 30521 | Shoals:4 | Reached XP level 17. HP: 113/113 MP: 17/17
 30554 | Shoals:4 | 30554 ||| INVOKING Trog's Hand.
 30555 | Shoals:4 | 30555 ||| INVOKING Brothers in Arms.
 30568 | Shoals:4 | 30568 ||| INVOKING Brothers in Arms.
 30571 | Shoals:4 | Received a gift from Trog
 30593 | Shoals:4 | 30593 ||| INVOKING Trog's Hand.
 30630 | Shoals:4 | Got a barnacled rune of Zot
 30963 | Shoals:4 | 30963 ||| INVOKING Trog's Hand.
 30964 | Shoals:4 | 30964 ||| INVOKING Brothers in Arms.
 30977 | Shoals:4 | 30977 ||| INVOKING Trog's Hand.
 30985 | Shoals:4 | 30985 ||| EATING 30 rations.
 31249 | Shoals:4 | 31249 ||| READING scroll labeled IRHYAC GEUREMP.
 31612 | Vaults:1 | Entered Level 1 of the Vaults
 31613 | Vaults:1 | 31613 ||| Entered V.
 31851 | Vaults:1 | 31851 ||| READING scroll of enchant armour.
 31851 | Vaults:1 | 31851 ||| ENCHANTING +2 plate armour.
 31870 | Vaults:1 | 31870 ||| INVOKING Trog's Hand.
 31932 | Vaults:1 | Reached skill level 15 in Armour
 32025 | Vaults:1 | Received a gift from Trog
 32299 | Vaults:1 | Found a roughly hewn altar of Beogh.
 32409 | Vaults:1 | 32409 ||| INVOKING Trog's Hand.
 32636 | Vaults:1 | 32636 ||| INVOKING Brothers in Arms.
 32637 | Vaults:1 | 32637 ||| INVOKING Berserk.
 32721 | Vaults:1 | 32721 ||| INVOKING Trog's Hand.
 32724 | Vaults:1 | 32724 ||| INVOKING Berserk.
 32734 | Vaults:1 | Received a gift from Trog
 32811 | Vaults:1 | 32811 ||| UPGRADING to glowing broad axe {god gift}.
 32812 | Vaults:1 | 32812 ||| Eating in order to wield vampiric weapon.
 32812 | Vaults:1 | 32812 ||| EATING 34 rations.
 32813 | Vaults:1 | 32813 ||| Eating in order to wield vampiric weapon.
 32813 | Vaults:1 | 32813 ||| EATING 33 rations.
 32814 | Vaults:1 | 32814 ||| UPGRADING to +1 war axe of Doors {vamp, rF+}.
 32815 | Vaults:1 | 32815 ||| DROPPING +2 broad axe of electrocution.
 32922 | Vaults:1 | 32922 ||| INVOKING Trog's Hand.
 32927 | Vaults:1 | Reached XP level 18. HP: 111/123 MP: 15/18
 32983 | Vaults:1 | 32983 ||| DRINKING 16 potions of curing.
 32983 | Vaults:1 | 32983 ||| (to cure confusion)
 33028 | Vaults:1 | 33028 ||| INVOKING Trog's Hand.
 33040 | Vaults:1 | 33040 ||| DROPPING +2 hand axe of flaming.
 33228 | Vaults:1 | 33228 ||| INVOKING Trog's Hand.
 33270 | Vaults:1 | 33270 ||| INVOKING Trog's Hand.
 33595 | Vaults:1 | 33595 ||| DROPPING +2 chain mail of fire resistance.
 33668 | Vaults:2 | 33668 ||| INVOKING Trog's Hand.
 34045 | Vaults:2 | Received a gift from Trog
 34066 | Vaults:2 | 34066 ||| INVOKING Trog's Hand.
 34114 | Vaults:2 | Noticed Margery
 34122 | Vaults:2 | 34122 ||| DRINKING 4 potions of resistance.
 34123 | Vaults:2 | 34123 ||| INVOKING Brothers in Arms.
 34124 | Vaults:2 | 34124 ||| INVOKING Brothers in Arms.
 34128 | Vaults:2 | Killed Margery
 34172 | Vaults:2 | Cast into level 4 of the Abyss (a Zot trap)
 34173 | Abyss:4  | Found a corrupted altar of Lugonu.
 34260 | Abyss:4  | 34260 ||| DRINKING 15 potions of curing.
 34260 | Abyss:4  | 34260 ||| (to cure confusion)
 34331 | Abyss:4  | Got an abyssal rune of Zot
 34358 | Vaults:2 | Escaped the Abyss
 34481 | Vaults:2 | Cast into level 4 of the Abyss (a Zot trap)
 34543 | Abyss:4  | 34543 ||| READING scroll of enchant armour.
 34543 | Abyss:4  | 34543 ||| ENCHANTING +3 plate armour.
 34596 | Abyss:4  | 34596 ||| INVOKING Berserk.
 34614 | Abyss:4  | Paralysed by a red devil for 5 turns
 34625 | Abyss:4  | 34625 ||| EATING 34 rations.
 34627 | Abyss:4  | Gained mutation: You are clumsy. (Dex -2) [a neqoxec]
 34629 | Abyss:4  | Gained mutation: Armour fits poorly on your strangely
                  | shaped body. [a neqoxec]
 34630 | Abyss:4  | 34630 ||| INVOKING Trog's Hand.
 34646 | Abyss:4  | Paralysed by you for 7 turns
 34661 | Abyss:4  | Reached skill level 18 in Fighting
 34666 | Abyss:4  | 34666 ||| INVOKING Trog's Hand.
 34672 | Abyss:4  | Noticed a hellephant
 34673 | Abyss:4  | 34673 ||| DRINKING 3 potions of resistance.
 34708 | Abyss:4  | Killed a hellephant
 34725 | Vaults:2 | Escaped the Abyss
 34893 | Vaults:2 | 34893 ||| DRINKING 5 potions of mutation.
 35174 | Vaults:2 | Noticed Bai Suzhen
 35175 | Vaults:2 | 35175 ||| INVOKING Brothers in Arms.
 35176 | Vaults:2 | 35176 ||| INVOKING Berserk.
 35189 | Vaults:2 | Killed Bai Suzhen
 35273 | Vaults:2 | 35273 ||| DRINKING 7 potions of mutation.
 35311 | Vaults:2 | 35311 ||| DRINKING 7 potions of mutation.
 35334 | Vaults:2 | 35334 ||| DRINKING 7 potions of mutation.
 35337 | Vaults:2 | 35337 ||| DRINKING 7 potions of mutation.
 35353 | Vaults:2 | 35353 ||| DRINKING 7 potions of mutation.
 35387 | Vaults:2 | Reached XP level 19. HP: 130/130 MP: 19/19
 35388 | Vaults:2 | 35388 ||| DRINKING 7 potions of mutation.
 35438 | Vaults:2 | 35438 ||| DRINKING 7 potions of mutation.
 35504 | Vaults:2 | 35504 ||| INVOKING Berserk.
 35652 | Vaults:2 | Received a gift from Trog
 35676 | Vaults:2 | Reached skill level 18 in Shields
 35802 | Vaults:2 | 35802 ||| INVOKING Trog's Hand.
 36027 | Vaults:2 | 36027 ||| INVOKING Trog's Hand.
 36170 | Vaults:2 | Received a gift from Trog
 36219 | Vaults:2 | 36219 ||| INVOKING Trog's Hand.
 36414 | Vaults:2 | 36414 ||| DROPPING +1 ring of slaying {mikee}.
 36477 | Vaults:3 | 36477 ||| STAIRDANCE
 36501 | Vaults:3 | 36501 ||| STAIRDANCE
 36503 | Vaults:2 | 36503 ||| INVOKING Trog's Hand.
 36632 | Vaults:3 | 36632 ||| INVOKING Trog's Hand.
 36681 | Vaults:3 | 36681 ||| INVOKING Berserk.
 37001 | Vaults:3 | Received a gift from Trog
 37044 | Vaults:3 | 37044 ||| INVOKING Berserk.
 37198 | Vaults:3 | Reached skill level 18 in Armour
 37278 | Vaults:3 | 37278 ||| STAIRDANCE
 37298 | Vaults:2 | 37298 ||| UPGRADING to runed onyx ring.
 37300 | Vaults:2 | 37300 ||| REMOVING ring of flight.
 37301 | Vaults:2 | 37301 ||| DROPPING ring of flight.
 37302 | Vaults:2 | 37302 ||| UPGRADING to +4 ring of protection.
 37308 | Vaults:3 | 37308 ||| INVOKING Trog's Hand.
 37361 | Vaults:3 | Found Xeump's General Store.
 37364 | Vaults:3 | Bought a scroll of teleportation for 63 gold pieces
 37412 | Vaults:3 | 37412 ||| INVOKING Trog's Hand.
 37463 | Vaults:3 | 37463 ||| INVOKING Trog's Hand.
 37495 | Vaults:3 | 37495 ||| INVOKING Trog's Hand.
 37685 | Vaults:3 | 37685 ||| INVOKING Berserk.
 37744 | Vaults:3 | 37744 ||| INVOKING Berserk.
 37840 | Vaults:3 | Noticed Boris
 37841 | Vaults:3 | 37841 ||| INVOKING Brothers in Arms.
 37897 | Vaults:3 | HP: 33/132 [something/iron shot (36)]
 37902 | Vaults:3 | Killed from afar by Boris

Levels and vault maps discovered:
D:1:      dpeg_arrival_shrine, layout_basic, minmay_quantized
D:2:      layout_basic, kennysheep_generic_room_15, uniq_terence, uniq_natasha
D:3:      layout_loops_cross, first_ration, gup_sewer_entry_spiral, uniq_robin
D:4:      layout_loops_ring, serial_shops, shop
D:5:      layout_gridville, moated_statue
D:6:      layout_basic, lemuel_blue_sif_altar, temple_hall, serial_rivers,
          chequers_serial_rivers_micro_c, chequers_serial_rivers_small_3,
          chequers_serial_rivers_room_b, chequers_serial_rivers_micro_c,
          chequers_serial_rivers_room_a
D:7:      layout_basic, basic_altar, minmay_shop_enchanted_jewellery,
          grunt_livestock
D:8:      lemuel_slime, layout_cave_pools, uniq_psyche, uniq_grum, uniq_joseph
D:9:      hangedman_cross_veins, layout_cave_pools, david_lair_shrubbed,
          uniq_erica
D:10:     layout_cave_pools
D:11:     layout_cave_pods, zombieorc2_lemuel, uniq_fannar
D:12:     layout_rooms, serial_shops, shop
D:13:     layout_loops_ring, david_vaults_1, nicolae_straight_to_the_point
D:14:     layout_rooms, nicolae_ru_the_path_less_chosen, basic_altar,
          grunt_decor_mini_mirrors, lemuel_freeze_loot_1, uniq_frances
D:15:     hangedman_depths_entry_try_elsewhere_first, layout_stronghold,
          serial_bayou_lagoon_a, basic_altar
Lair:1:   beast_lair_carwin_large_3, layout_gridlike, portal_ice_cave_entry_imps
Lair:2:   layout_roguey, nicolae_spider_entry_tight_spaces,
          gammafunk_ghost_hive, grunt_megastairs_4, lemuel_fruit_tree
Lair:3:   layout_layer_cave
Lair:4:   layout_regular_city, elwin_shoals_entry_rooms, basic_altar,
          minivault_26, uniq_urug
Lair:5:   layout_roguey, dpeg_slime_entry_enclosed_altar
Lair:6:   minmay_lair_end_enchanted_forest, layout_misc_corridors,
          grunt_forest_large_clearing_hut, serial_bayou_shore_a,
          infiniplex_staircase_pool
Shoals:1: layout_shoals, uniq_josephine, uniq_louise
Shoals:2: argonaut_golden_fleece, layout_shoals, gammafunk_ghost_grave
Shoals:3: cheibrodos_shoals_roost, layout_shoals
Shoals:4: shoals_end_hangedman, layout_shoals
Orc:1:    layout_caves, basic_altar, uniq_maurice, uniq_erolcha
Orc:2:    grunt_orc_tribal_feast, layout_caves, serial_shops, shop,
          special_room, nicolae_orc_lava_room
Vaults:1: special_room_vaults [special_room_orc],
          nicolae_vaults_stairing_the_circle, nicolae_vaults_circle_grid_b,
          nicolae_vaults_alarming, v_rooms_1, hangedman_vaults_variations,
          v_misc_4, v_misc_3, v_misc_15, v_misc_16,
          nicolae_vaults_little_squares_5, layout_vaults_maze
Vaults:2: nicolae_vaults_big_ls, v_pattern_5, grunt_vaults_hallway_long,
          ontoclasm_vaults_spin, nicolae_vaults_network_star,
          hangedman_vaults_slice, v_alt_pattern_4, ontoclasm_vaults_pinch,
          hangedman_vaults_stretched_pinwheel, grunt_vaults_hallway_long,
          vaults_room_corners, layout_vaults_ring, uniq_margery, uniq_bai_suzhen
Vaults:3: v_misc_32, nicolae_vaults_what_the_h,
          minmay_crypt_entry_skeletal_spiral, grunt_vaults_focal,
          nicolae_vaults_hallways_thing, vaults_mumra_hex,
          nicolae_vaults_network_quinsquares
          [nicolae_vaults_network_quincunx_subvault,
          nicolae_vaults_network_quincunx_subvault,
          nicolae_vaults_network_quincunx_subvault,
          nicolae_vaults_network_quincunx_subvault],
          hangedman_vaults_restitches, layout_vaults_chaotic_city, serial_shops,
          nicolae_shop_behind_doors, uniq_boris

Skill      XL: |  1  2  3  4  5  6  7  8  9 10 11 12 13 14 15 16 17 18 19 |
---------------+----------------------------------------------------------+-----
Axes           | 3 4 5 7 8 10 11 13 14 16 | 16.0
Fighting       | 4 5 6 8 9 10 11 12 14 15 17 18 | 18.7
Shields        | 3 4 10 13 15 16 17 18 | 18.0
Armour         | 3 4 8 9 11 12 13 14 15 16 18 | 18.0
Dodging        | 2 3 4 5 |  5.4

Action                   |  1- 3 |  4- 6 |  7- 9 | 10-12 | 13-15 | 16-18 | 19-21 || total
-------------------------+-------+-------+-------+-------+-------+-------+-------++-------
Melee: Hand axe          |    90 |   228 |       |       |    14 |       |       ||   332
       War axe           |       |    49 |   349 |   589 |  1318 |  2145 |   690 ||  5140
       Broad axe         |       |       |       |       |   462 |       |       ||   462
Throw: Javelin           |       |       |       |       |   163 |    40 |    14 ||   217
Invok: Berserk           |     2 |     2 |     5 |    23 |    12 |     6 |     5 ||    55
       Brothers in Arms  |       |       |       |     5 |    11 |    10 |     1 ||    27
       Trog's Hand       |       |       |       |       |     5 |    19 |     9 ||    33
 Abil: Fly               |       |       |       |       |     1 |       |       ||     1
  Use: Scroll            |     5 |     5 |     5 |    12 |    20 |     5 |     1 ||    53
       Potion            |     1 |     2 |     1 |     1 |     2 |     4 |       ||    11
 Stab: Paralysed         |       |       |       |       |       |     2 |       ||     2
       Distracted        |       |       |       |       |       |     1 |       ||     1
       Invisible         |       |       |       |       |       |     1 |       ||     1
  Eat: Chunk             |     2 |    11 |       |    19 |    44 |    21 |    16 ||   113
       Ration            |       |       |     5 |     7 |     8 |     7 |       ||    27
Armor: Animal skin       |    26 |       |       |       |       |       |       ||    26
       Ring mail         |     5 |    23 |       |       |       |       |       ||    28
       Scale mail        |       |   108 |   222 |    23 |       |       |       ||   353
       Plate armour      |       |       |       |   381 |  1064 |  1253 |   240 ||  2938
Dodge: Dodged            |    52 |   139 |   172 |   209 |   438 |   443 |    74 ||  1527
Block: Buckler           |       |     5 |    64 |   109 |   104 |       |       ||   282
       Shield            |       |       |       |       |   614 |       |       ||   614
       Large shield      |       |       |       |       |       |  2108 |   521 ||  2629

Table legend:
 A = Non-vault XP
 B = Vault XP
 C = Vault XP percentage of total XP
 D = Non-vault monster count
 E = Vault monster count
 F = Vault count percentage of total count
                 A         B        C        D         E       F
            +---------+---------+-------+---------+---------+-------
      Total |  240923 |  146319 |  37.8 |     801 |     432 |  35.0
            +---------+---------+-------+---------+---------+-------
        D:1 |      47 |      12 |  20.3 |      22 |       5 |  18.5
        D:2 |     114 |      73 |  39.0 |      24 |       3 |  11.1
        D:3 |      96 |      74 |  43.5 |      24 |      19 |  44.2
        D:4 |     220 |       0 |   0.0 |      12 |       0 |   0.0
        D:5 |     153 |       0 |   0.0 |       7 |       0 |   0.0
        D:6 |     641 |       0 |   0.0 |      19 |       0 |   0.0
        D:7 |    1060 |    1008 |  48.7 |      20 |       5 |  20.0
        D:8 |    1649 |    1673 |  50.4 |      19 |      21 |  52.5
        D:9 |    1347 |    7048 |  84.0 |      11 |      19 |  63.3
       D:10 |    3325 |       0 |   0.0 |      30 |       0 |   0.0
       D:11 |    5063 |    1678 |  24.9 |      31 |      37 |  54.4
       D:12 |    2945 |       0 |   0.0 |      22 |       0 |   0.0
       D:13 |   10748 |    1938 |  15.3 |      47 |       3 |   6.0
       D:14 |    5962 |    2224 |  27.2 |      25 |       1 |   3.8
       D:15 |   10000 |     937 |   8.6 |      29 |       2 |   6.5
     Lair:1 |    3925 |    1813 |  31.6 |      18 |      22 |  55.0
     Lair:2 |    3831 |    2789 |  42.1 |      10 |      11 |  52.4
     Lair:3 |    6879 |       0 |   0.0 |      27 |       0 |   0.0
     Lair:4 |    1416 |    1506 |  51.5 |       6 |       3 |  33.3
     Lair:5 |    6117 |       0 |   0.0 |      17 |       0 |   0.0
     Lair:6 |    9224 |    9036 |  49.5 |      36 |      48 |  57.1
   Shoals:1 |    7764 |    2896 |  27.2 |      15 |       7 |  31.8
   Shoals:2 |   16818 |    2021 |  10.7 |      37 |       2 |   5.1
   Shoals:3 |   16599 |    3036 |  15.5 |      39 |       6 |  13.3
   Shoals:4 |   19672 |   16193 |  45.1 |      36 |      30 |  45.5
      Orc:1 |    3146 |       0 |   0.0 |      25 |       0 |   0.0
      Orc:2 |    1959 |    6934 |  78.0 |      28 |      30 |  51.7
   Vaults:1 |   39043 |   18997 |  32.7 |      63 |      56 |  47.1
   Vaults:2 |   28053 |   41417 |  59.6 |      46 |      58 |  55.8
   Vaults:3 |   14225 |   18916 |  57.1 |      27 |      29 |  51.8
    Abyss:4 |   18882 |    4100 |  17.8 |      29 |      15 |  34.1
            +---------+---------+-------+---------+---------+-------
